 Dungeon Crawl Stone Soup version 0.20-a0-1016-g241539b (webtiles) character file.

1382 sighowe the Covered (level 8, -3/71 HPs)
             Began as a Minotaur Fighter on Apr 16, 2017.
             Was a Believer of Qazlal.
             Shot with a sling bullet by Joseph (14 damage)
             ... on level 7 of the Dungeon.
             The game lasted 00:36:50 (6407 turns).

sighowe the Covered (Minotaur Fighter)              Turns: 6407, Time: 00:36:51

Health: -3/71      AC: 12    Str: 21 (22) XL:     8   Next: 40%
Magic:  9/9        EV:  7    Int:  4 (5)  God:    Qazlal [**....]
Gold:   120        SH: 12    Dex:  9 (11) Spells: 7/7 levels left

rFire    . . .     SeeInvis .   a - +0 war axe
rCold    . . .     Gourm    .   c - +0 shield
rNeg     + . .     Faith    .   M - +0 chain mail
rPois    +         Spirit   .   r - +2 hat
rElec    .         Reflect  .   (no cloak)
rCorr    .         Harm     +   (no gloves)
MR       .....                  (no boots)
Stlth    ..........             x - amulet of harm
Regen    0.3/turn               q - ring of positive energy
MPRegen  0.2/turn               e - ring of poison resistance

@: drained
A: retaliatory headbutt, horns 2
a: Upheaval, Renounce Religion


You were on level 7 of the Dungeon.
You worshipped Qazlal.
Qazlal was pleased with you.
You were hungry.

You visited 2 branches of the dungeon, and saw 8 of its levels.

You collected 208 gold pieces.
You spent 88 gold pieces at shops.

Inventory:

Hand Weapons
 a - a +0 war axe (weapon)
 d - a +3 halberd
 o - a +0 quarterstaff
 s - a cursed +3 falchion
 t - a +4 quarterstaff of chaos
 w - a +6 flail of protection
 z - a cursed +4 morningstar
 I - a +0 trident
Missiles
 h - 56 sling bullets
 k - 159 stones (quivered)
Armour
 b - a +1 scale mail
 c - a +0 shield (worn)
 i - a +0 ring mail
 p - a +0 robe
 r - a +2 hat (worn)
 D - a +0 ring mail
 G - a cursed +0 robe
 M - a +0 chain mail (worn)
Jewellery
 e - a ring of poison resistance (right hand)
 m - an uncursed ring of magical power
 q - a ring of positive energy (left hand)
 x - an amulet of harm (around neck)
Wands
 F - a wand of polymorph (18/24)
Scrolls
 g - 2 scrolls of teleportation
 j - 5 scrolls of remove curse
 n - a scroll of enchant armour
 y - a scroll of recharging
 B - a scroll of identify
 H - a scroll of enchant weapon
Potions
 f - 2 potions of agility {unknown}
 v - 2 potions of lignification {unknown}
 A - 2 potions of haste {unknown}
 C - a potion of berserk rage {unknown}
 E - 2 potions of curing
Comestibles
 l - 2 fruits
 u - 2 royal jellies
 J - a bread ration


   Skills:
 + Level 6.4(6.0) Fighting
 + Level 5.6(5.7) Axes
 + Level 2.0(3.7) Maces & Flails
 + Level 2.4(4.0) Polearms
 + Level 6.4(6.1) Armour
 + Level 4.8(4.4) Dodging
 - Level 0.1(0.0) Stealth
 - Level 4.1(3.7) Shields
 - Level 3.6(3.2) Invocations


You had 7 spell levels left.
You didn't know any spells.

Dungeon Overview and Level Annotations

Branches:
Dungeon (7/15)             Temple (1/1) D:6

Altars:
Ashenzari
Cheibriados
Dithmenos
Elyvilon
Fedhas
Gozag
Hepliaklqana
Kikubaaqudgha
Makhleb
Nemelex Xobeh
Okawaru
Qazlal
Ru
Sif Muna
Trog
Uskayaw
Vehumet
Wu Jian
Xom
Yredelemnul
Zin
The Shining One

Shops:
D:5 !

Annotations:
D:7 Joseph


Innate Abilities, Weirdness & Mutations

You reflexively headbutt those who attack you in melee.
You have a pair of horns on your head.


Message History

Found a scroll labeled ZANORCH AFOOCIO.
As you read the scroll labeled MENGOY GOMPIEJ, it crumbles to dust.
You hear the sound of one hand clapping.
It was a scroll of random uselessness.
Joseph shoots a sling bullet.
You block the sling bullet.
Inscribe with what?
Okay, then.
It was a potion of degeneration.
There was something very wrong with that liquid.
You feel weakened.
You feel dopey.
You feel clumsy.
Joseph shoots a sling bullet.
The sling bullet hits you!
* * * LOW HITPOINT WARNING * * *
The sling bullet freezes you!
* * * LOW HITPOINT WARNING * * *
You see here a sling bullet.
Joseph shoots a sling bullet.
You block the sling bullet.
You see here a sling bullet.
Joseph shoots a sling bullet.
The sling bullet hits you!
You die...

.# ..## ...# .#
..# . .#
###.### ....:#
#...?.#
###.%###.....#
.......@.....#
##(.#####(....#
#(.....$.(....#
#
#<#.#####.#####
#.##(#.......#
#...(..#####@#
####(.((@....#
##.#.#####.#
#.#.((.....#


You could see Joseph.

Vanquished Creatures
  Grinder (D:6)
  Edmund (D:6)
  A sky beast (D:6)
  2 centaurs
  A gnoll sergeant (D:5)
  A scorpion (D:6)
  3 wights (D:6)
  A howler monkey (D:5)
  2 crimson imps (D:6)
  A bullfrog zombie (D:5)
  Crazy Yiuf (D:2)
  A bullfrog skeleton (D:6)
  4 orc wizards
  2 worker ants (D:4)
  4 gnolls (D:5)
  9 adders
  A shadow imp (D:5)
  2 adder skeletons
  2 worms
  2 dart slugs
  2 leopard geckos
  19 orcs
  A ball python (D:4)
  6 giant cockroaches
  6 goblins
  2 hobgoblins (D:2)
  3 jackals (D:6)
  5 kobolds
  4 quokkas
  8 bats
  6 frilled lizards
  A jackal skeleton (D:4)
  7 rats
  2 fungi (D:2)
114 creatures vanquished.

Vanquished Creatures (others)
  A frilled lizard (D:2)
1 creature vanquished.

Grand Total: 115 creatures vanquished

Notes
Turn   | Place    | Note
-------+----------+-------------------------------------------
     0 | D:1      | sighowe the Minotaur Fighter began the quest for the Orb.
     0 | D:1      | Reached XP level 1. HP: 19/19 MP: 0/0
   340 | D:1      | Reached XP level 2. HP: 25/27 MP: 1/1
   873 | D:2      | Found a shimmering altar of Xom.
   956 | D:2      | Found a stormy altar of Qazlal.
  1071 | D:2      | Became a worshipper of Qazlal Stormbringer
  1125 | D:2      | Reached XP level 3. HP: 29/33 MP: 2/2
  1490 | D:2      | Found a runed door.
  1794 | D:2      | Noticed Crazy Yiuf
  1798 | D:2      | Killed Crazy Yiuf
  1798 | D:2      | Reached skill level 1 in Dodging
  1847 | D:2      | Reached XP level 4. HP: 40/40 MP: 3/3
  1982 | D:2      | Found a radiant altar of Vehumet.
  2062 | D:2      | Reached skill level 1 in Invocations
  3021 | D:4      | Reached * piety under Qazlal
  3086 | D:4      | Found a bloodstained altar of Trog.
  3185 | D:4      | Noticed a dagger
  3186 | D:4      | Noticed a dagger
  3187 | D:4      | Found a hide-covered altar of Uskayaw.
  3194 | D:4      | Reached XP level 5. HP: 35/46 MP: 5/5
  3928 | D:5      | Entered Level 5 of the Dungeon
  3985 | D:5      | Found Vuup's Distillery.
  3992 | D:5      | Reached XP level 6. HP: 52/53 MP: 6/6
  4111 | D:5      | Reached skill level 5 in Armour
  4156 | D:5      | Bought a potion of curing for 33 gold pieces
  4156 | D:5      | Bought a potion of heal wounds for 55 gold pieces
  4673 | D:5      | Reached skill level 5 in Fighting
  4698 | D:5      | Found a hazy altar of Hepliaklqana.
  5121 | D:6      | Found a staircase to the Ecumenical Temple.
  5128 | Temple   | Entered the Ecumenical Temple
  5487 | D:6      | Noticed Edmund
  5493 | D:6      | Killed Edmund
  5493 | D:6      | Reached XP level 7. HP: 47/61 MP: 8/8
  5530 | D:6      | Reached skill level 5 in Axes
  5683 | D:6      | Reached ** piety under Qazlal
  5757 | D:6      | Noticed Grinder
  5761 | D:6      | Paralysed by Grinder for 6 turns
  5779 | D:6      | Paralysed by Grinder for 4 turns
  5787 | D:6      | Killed Grinder
  5787 | D:6      | Reached skill level 1 in Maces & Flails
  5787 | D:6      | Reached skill level 1 in Polearms
  5787 | D:6      | Reached XP level 8. HP: 30/70 MP: 9/9
  6317 | D:6      | Found an ancient bone altar of Kikubaaqudgha.
  6360 | D:7      | Noticed Joseph
  6407 | D:7      | Shot with a sling bullet by Joseph

Vault maps used:
D:1:      matt_arrival_grand_opening, minmay_misc_feat_diagonals,
          minmay_misc_feat_doors
D:2:      fiery_altar_vehumet, xom_teletrap_fun, grunt_qazlal_clouds,
          first_bread, uniq_crazy_yiuf_cottage
D:4:      dancing_weapons_uskayaw, minmay_misc_feat_more_columns, bloody_trog
D:5:      basic_altar, serial_shops, shop_fountains
D:6:      temple_green, basic_altar, serial_glass, glass_columns_b,
          glass_columns_a, uniq_edmund, uniq_grinder
D:7:      basic_altar, serial_shops, kennysheep_mini_moat,
          minmay_misc_feat_rows, uniq_joseph
Temple:   hc_temple_tempest_star

Skill      XL: |  1  2  3  4  5  6  7  8 |
---------------+-------------------------+-----
Shields        | 4 |  4.1
Armour         | 4 5 6 |  6.4
Fighting       | 4 5 6 |  6.4
Dodging        | 1 2 3 4 |  4.8
Invocations    | 1 2 3 |  3.6
Axes           | 3 4 5 |  5.6
Maces & Flails | 1 2 |  2.0
Polearms       | 1 2 |  2.4
Stealth        | |  0.1

Action                   |  1- 3 |  4- 6 |  7- 9 || total
-------------------------+-------+-------+-------++-------
Melee: War axe           |    82 |   175 |    73 ||   330
       Headbutt          |    17 |    34 |    14 ||    65
Throw: Stone             |       |     2 |       ||     2
Evoke: Wand              |       |     1 |       ||     1
  Use: Potion            |       |     5 |     3 ||     8
       Scroll            |       |     9 |     1 ||    10
  Eat: Bread ration      |     1 |     2 |       ||     3
       Chunk             |       |     2 |       ||     2
       Fruit             |       |     2 |       ||     2
Armor: Scale mail        |    24 |    74 |    14 ||   112
       Chain mail        |       |       |    19 ||    19
Dodge: Dodged            |    23 |    53 |    41 ||   117
Block: Shield            |    27 |   124 |    61 ||   212
